 Dungeon Crawl Stone Soup version 0.29.1-13-g9f3cf754e1 (webtiles) character file.

Game seed: 15223200732234396012

3541 Thatpatchoflichen the Skirmisher (level 10, -1/68 HPs)
             Began as a Kobold Hunter on Jan 23, 2023.
             Was an Initiate of Ashenzari.
             Killed from afar by an acid dragon (26 damage)
             ... with a splash of acid
             ... on level 8 of the Dungeon on Jan 24, 2023.
             The game lasted 00:43:29 (9844 turns).

Thatpatchoflichen the Skirmisher (Kobold Hunter)    Turns: 9844, Time: 00:43:30

Health: -1/68      AC: 12    Str:  9    XL:     10   Next: 29%
Magic:  10/10      EV: 23    Int: 10    God:    Ashenzari [......]
Gold:   167        SH:  0    Dex: 23    Spells: 9/9 levels left

rFire   . . .      SeeInvis .   J - +2 shortbow (flame)
rCold   . . .      Faith    .   (shield currently unavailable)
rNeg    . . .      Spirit   .   G - +0 steam dragon scales of Ashenzari's Malaise {Alch, Cun} (curse)
rPois   .          Reflect  .   f - +2 helmet
rElec   .          Harm     .   F - +0 cloak
rCorr   .          Rampage  .   r - +2 pair of gloves
Will    +....                   (no boots)
Stlth   ++++......              g - amulet of magic regeneration
HPRegen 0.21/turn               h - ring of willpower
MPRegen 0.52/turn               (no ring)

@: no status effects
A: small, no large weapons, nightstalker 3
a: Renounce Religion, Shatter the Chains


You were on level 8 of the Dungeon.
You worshipped Ashenzari.
Ashenzari was noncommittal.
You visited 2 branches of the dungeon, and saw 9 of its levels.
You also visited: Sewer.

You collected 311 gold pieces.
You spent 144 gold pieces at shops.

Inventory:

Hand Weapons
 E - a +2 hand axe of electrocution
 I - a +3 quarterstaff of chaos
 J - a +2 shortbow of flaming (weapon)
Missiles
 q - a curare-tipped dart (quivered)
 C - 32 poisoned darts
Armour
 f - a +2 helmet (worn)
 o - an orb of energy
 r - a +2 pair of gloves (worn)
 F - a +0 cloak (worn)
 G - the cursed +0 steam dragon scales of Ashenzari's Malaise (worn) {Alch, Cun}
   (You found it on level 6 of the Dungeon)

   It has a curse which improves the following skills: Alchemy: Poison Magic and
   Transmutations.
   Cunning:   Dodging and Stealth.
Jewellery
 a - a ring of willpower
 e - a ring of fire
 g - an amulet of magic regeneration (around neck)
 h - a ring of willpower (left hand)
 m - a ring of ice
Wands
 H - a wand of iceblast (9)
 K - a wand of mindburst (15)
Scrolls
 b - 2 scrolls of immolation
 c - a scroll of teleportation {unknown}
 i - 4 scrolls of blinking
 n - 2 scrolls of fear
 s - 2 scrolls of enchant armour
 t - a scroll of torment {unknown}
 u - 2 scrolls of brand weapon
 v - 3 scrolls of magic mapping
 w - a scroll of noise {unknown}
 y - a scroll of amnesia {unknown}
Potions
 d - a potion of brilliance
 j - 3 potions of might
 k - 4 potions of curing
 l - 3 potions of haste
 p - a potion of flight
 x - 2 potions of lignification {unknown}
 z - a potion of heal wounds {unknown}
 A - 2 potions of invisibility
 B - 2 potions of mutation
 D - 3 potions of cancellation


   Skills:
 + Level 10.2 Fighting
 + Level 10.3 Ranged Weapons
 - Level 9.8(10.3) Dodging
 - Level 4.0(4.4) Stealth


You had 9 spell levels left.
You didn't know any spells.
Your spell library contained the following spells:

 Spells                   Type           Power      Damage    Failure   Level
 Beastly Appendage        Tmut           0%         N/A       36%         1
 Magic Dart               Conj           0%         1d3       36%         1
 Call Imp                 Summ           0%         N/A       50%         2
 Sublimation of Blood     Necr           0%         N/A       50%         2
 Wereblood                Tmut           0%         N/A       50%         2
 Mephitic Cloud           Conj/Pois/Air  0%         N/A       75%         3
 Spider Form              Tmut/Pois      0%         N/A       75%         3
 Summon Hydra             Summ           0%         N/A       100%        7


Dungeon Overview and Level Annotations

Branches:
Dungeon (8/15)             Temple (1/1) D:5           Sewer (visited)
   Lair: D:8-11

Altars:
Ashenzari
Dithmenos
Elyvilon
Fedhas
Gozag
Hepliaklqana
Kikubaaqudgha
Makhleb
Nemelex Xobeh
Okawaru
Qazlal
Ru
Sif Muna
Trog
Uskayaw
Vehumet
Wu Jian
Xom
Yredelemnul
Zin
The Shining One

Shops:
D:1 [   D:6 *

Annotations:
D:7 Dowan, Duvessa, Joseph


Innate Abilities, Weirdness & Mutations

You are small and have problems with some larger weapons.
You are completely attuned to the shadows.


Message History

The curare-tipped dart hits the orc warrior.
The orc warrior is poisoned.
The orc warrior convulses.
The orc warrior seems to slow down.
The orc warrior is almost dead.
The orc priest calls upon Beogh to heal the orc warrior.
The orc warrior is healed somewhat.
Throw: 5 darts (curare)
Press: ? - help, Q - select action, (/) - cycle Shift-Dir - straight line, f - orc priest, p - orc warrior
Aim: an orc priest, wielding a +0 dagger and wearing a +0 leather armour (68% to hit)
You throw a curare-tipped dart.
The curare-tipped dart hits the orc priest.
The orc priest is poisoned.
The orc priest convulses.
The orc priest seems to slow down.
The orc priest is moderately wounded.
The orc warrior misses you.
Throw: 4 darts (curare)
Press: ? - help, Q - select action, (/) - cycle Shift-Dir - straight line, f - acid dragon, p - orc priest
Aim: an acid dragon (68% to hit)
You throw a curare-tipped dart.
The curare-tipped dart hits the orc priest.
The orc priest looks as sick as possible!
The orc priest convulses.
The orc priest seems to be slow for longer.
The orc priest is almost dead.
The orc priest completely misses you. The orc warrior completely misses you.
Throw: 3 darts (curare)
Press: ? - help, Q - select action, (/) - cycle Shift-Dir - straight line You throw a curare-tipped dart.
The curare-tipped dart hits the orc priest.
The orc priest looks as sick as possible!
The orc priest convulses.
You kill the orc priest!
You kill the orc warrior!
Throw: 2 darts (curare)
Press: ? - help, Q - select action, (/) - cycle Shift-Dir - straight line, f - acid dragon
Aim: an acid dragon (68% to hit)
You throw a curare-tipped dart. The acid dragon spits acid at you.
The splash of acid hits you!!
You die...

. # ..
.o
###..#
#.##@..#
#D.<)###
##.###
#. ..
...


You could see an acid dragon (catching breath).

Vanquished Creatures
  Pikel (D:5)
  Grinder (D:5)
  Sigmund (D:6)
  A steam dragon (D:6)
  A water moccasin (D:6)
  3 black bears
  An orc warrior (D:8)
  An ice beast (D:5)
  2 ogres
  A centaur (D:6)
  A lemure (D:5)
  A phantom (D:4)
  Blork the orc (D:5)
  5 kobold brigands
  A necrophage (D:5)
  3 scorpions
  2 bullfrogs (D:6)
  A killer bee (D:6)
  A howler monkey (D:6)
  3 jellies (D:5)
  3 orc priests (D:8)
  4 hounds
  Crazy Yiuf (D:6)
  Ijyb (D:5)
  An orc wizard (D:7)
  7 iguanas
  A hound zombie (D:3)
  A hound skeleton (D:3)
  3 gnolls
  5 adders
  2 river rats (Sewer)
  A shadow imp (D:5)
  2 white imps (D:5)
  2 ufetubi
  7 worms
  2 dart slugs
  14 orcs
  6 bats (D:1)
  11 endoplasms
  8 giant cockroaches
  5 goblins
  3 hobgoblins
  7 jackals
  10 kobolds
  3 quokkas
  11 ball pythons
  2 frilled lizards
  A giant cockroach zombie (D:3)
  15 rats
171 creatures vanquished.

Vanquished Creatures (others)
  A lemure (D:7)
  A plant (D:2)
2 creatures vanquished.

Grand Total: 173 creatures vanquished

Notes
Turn   | Place    | Note
-------+----------+-------------------------------------------
     0 | D:1      | Thatpatchoflichen the Kobold Hunter began the quest for the
                  | Orb.
     0 | D:1      | Reached XP level 1. HP: 12/12 MP: 1/1
   219 | D:1      | Reached XP level 2. HP: 18/18 MP: 2/2
   323 | D:1      | Found Xidu's Armour Emporium.
   444 | D:1      | Found a faded altar of an unknown god.
   448 | D:1      | Reached XP level 3. HP: 22/22 MP: 3/3
  1261 | D:2      | HP: 1/22 [gnoll/+0 club (2)]
  1264 | D:1      | Reached XP level 4. HP: 2/28 MP: 4/4
  2074 | D:2      | Reached XP level 5. HP: 32/32 MP: 5/5
  3904 | D:4      | Reached XP level 6. HP: 37/39 MP: 6/6
  3912 | D:4      | Reached skill level 5 in Dodging
  4028 | D:4      | Found a sparkling altar of Nemelex Xobeh.
  4062 | D:5      | Entered Level 5 of the Dungeon
  4091 | D:5      | Found a shadowy altar of Dithmenos.
  4100 | D:5      | Noticed Grinder
  4223 | D:4      | Reached skill level 5 in Fighting
  4228 | D:4      | Reached XP level 7. HP: 19/44 MP: 7/7
  4439 | D:4      | Found an opulent altar of Gozag.
  4561 | D:5      | Killed Grinder
  4652 | D:5      | Reached XP level 8. HP: 30/51 MP: 8/8
  4672 | D:5      | Found a glowing drain.
  4676 | Sewer    | Entered a sewer
  5841 | D:5      | Noticed Blork the orc
  6527 | D:5      | Found a staircase to the Ecumenical Temple.
  6534 | Temple   | Entered the Ecumenical Temple
  6947 | D:5      | Noticed Ijyb
  6960 | D:5      | Killed Ijyb
  6965 | D:5      | Reached XP level 9. HP: 42/57 MP: 9/9
  7143 | D:5      | Found a broken altar of Ashenzari.
  7158 | D:5      | Became a worshipper of Ashenzari the Shackled
  7528 | D:5      | Killed Blork the orc
  7737 | D:6      | Noticed Sigmund
  7742 | D:6      | Killed Sigmund
  7966 | D:6      | Found Kahuwn Noysy's Assorted Antiques.
  7975 | D:6      | Bought a runed shortbow for 144 gold pieces
  8102 | D:6      | Found a glowing golden altar of the Shining One.
  8364 | D:6      | Noticed Pikel
  8939 | D:7      | Noticed Joseph
  8944 | D:7      | Noticed Duvessa
  8946 | D:7      | Noticed Dowan
  9186 | D:6      | Reached XP level 10. HP: 56/66 MP: 10/10
  9247 | D:6      | Found a blossoming altar of Fedhas.
  9337 | D:6      | Found a runed translucent door.
  9340 | D:6      | Noticed Crazy Yiuf
  9348 | D:6      | Killed Crazy Yiuf
  9582 | D:5      | Killed Pikel
  9583 | D:5      | Reached skill level 10 in Ranged Weapons
  9826 | D:8      | Reached skill level 10 in Fighting
  9844 | D:8      | Killed from afar by an acid dragon

Illustrated notes

Levels and vault maps discovered:
D:1:      erik_arrival_orb_chamber, layout_basic,
          dreamdust_ecumenical_altar_angels_and_demons, serial_forest,
          infiniplex_forest_lined_3, infiniplex_forest_side_room,
          infiniplex_forest_clump_medium, infiniplex_forest_side_room,
          infiniplex_forest_fountain, infiniplex_forest_zigzag_2, serial_shops,
          shop
D:2:      layout_basic, serial_forest, infiniplex_forest_lined_1,
          infiniplex_forest_clump_small, infiniplex_forest_end_double,
          infiniplex_forest_lined_2, infiniplex_forest_lined_corner,
          infiniplex_forest_diagonal, infiniplex_forest_straight_4,
          infiniplex_forest_fountain
D:3:      layout_basic, serial_undead, serial_undead_c, serial_undead_b,
          serial_undead_d, serial_undead_e
D:4:      layout_loops_ring, mainiacjoe_overflow_tiny_flanked,
          mainiacjoe_overflow_cross_hatched
D:5:      layout_layer_cave, amcnicky_altar_gilded,
          mainiacjoe_overflow_concentric_impassable, temple_green,
          gup_sewer_entry_bowl, kennysheep_generic_room_15, uniq_ijyb,
          uniq_blork_the_orc, uniq_grinder
D:6:      mumra_celtic_spiral_tile, layout_basic, serial_shops,
          nicolae_shop_waterfront, hangedman_feature_mirror,
          hangedman_decor_diamond_cutter, uniq_sigmund, uniq_crazy_yiuf_cottage,
          uniq_pikel
D:7:      layout_rooms, uniq_prince_ribbit1, uniq_joseph, uniq_duvessa
D:8:      minmay_flawed_box, layout_rooms, old_standard_altar
Temple:   minmay_temple_bridge_d

Skill      XL: |  1  2  3  4  5  6  7  8  9 10 |
---------------+-------------------------------+-----
Stealth        | 2 4 |  4.0
Dodging        | 3 4 5 6 7 9 |  9.8
Fighting       | 3 4 5 6 7 9 10 | 10.2
Ranged Weapons | 6 7 8 9 10 | 10.3

Action                   |  1- 3 |  4- 6 |  7- 9 | 10-12 || total
-------------------------+-------+-------+-------+-------++-------
 Fire: Shortbow          |    83 |   153 |   388 |    51 ||   675
Throw: Dart              |       |       |       |     5 ||     5
Invok: Curse Item        |       |       |     1 |       ||     1
  Use: Scroll            |       |       |    12 |       ||    12
       Potion            |       |       |       |     1 ||     1
Armor: Leather armour    |    12 |    36 |    40 |       ||    88
       Steam dragon scal |       |       |     8 |     9 ||    17
Dodge: Dodged            |    29 |    98 |   260 |    55 ||   442
